 Dungeon Crawl Stone Soup version 0.32-a0-422-g28b100f618 (webtiles) character file.

Game seed: 18289840002862122132

54476 croobank the Demonic Aeon (level 14, -2/106 HPs)
             Began as a Demonspawn Summoner on Feb 21, 2024.
             Was the Champion of Cheibriados.
             Slain by a cane toad (18 damage)
             ... on level 5 of the Lair of Beasts on Feb 22, 2024.
             The game lasted 01:05:32 (16609 turns).

croobank the Demonic Aeon (Demonspawn Summoner)    Turns: 16609, Time: 01:05:33

Health: -2/106     AC: 13    Str: 23    XL:     14   Next: 34%
Magic:  13/26      EV: 21    Int: 35    God:    Cheibriados [******]
Gold:   1160       SH:  0    Dex: 33    Spells: 14/29 levels left

rFire   + + +        v - +2 long sword (flame)
rCold   x . .        (no shield)
rNeg    . . .        W - +0 acid dragon scales
rPois   +            (no helmet)
rElec   .            I - +0 cloak
rCorr   +            c - +2 pair of gloves {hurl}
SInv    .            y - +0 pair of boots
Will    ++++.        S - amulet of regeneration
Stlth   +++++        e - ring "Paru" {rPois rF+++ rC- Will++ Dex+3}
HPRegen 1.17/turn    L - ring of willpower
MPRegen 0.20/turn

%: no passive effects
@: invisible, very slow
A: claws 2, molten scales 1, demonic guardian 3, ignite blood 2
a: Renounce Religion, Bend Time, Temporal Distortion, Slouch, Step From Time


You were on level 5 of the Lair of Beasts.
You worshipped Cheibriados.
Cheibriados was exalted by your worship.
You visited 2 branches of the dungeon, and saw 17 of its levels.

You collected 1160 gold pieces.

Inventory:

Hand Weapons
 a - the +6 whip of Muowkiat {drain, rF+}
   (You found it on level 2 of the Lair of Beasts)

   rF+:       It protects you from fire.
 b - a +1 sling of freezing
 d - a +2 dagger of freezing
 i - a +2 orcbow of flaming
 v - a +2 long sword of flaming (weapon)
 E - a +0 broad axe of protection
 R - a +1 long sword of holy wrath
 X - the +8 trident of the Octopus King {venom, rElec rPois}
   (You found it on level 7 of the Dungeon)

   rElec:     It insulates you from electricity.
   rPois:     It protects you from poison
Missiles
 p - 11 poisoned darts
 x - 6 throwing nets
Armour
 c - a +2 pair of gloves of hurling (worn)
 y - a +0 pair of boots (worn)
 z - a +1 ring mail of cold resistance
 I - a +0 cloak (worn)
 V - a +0 troll leather armour
 W - +0 acid dragon scales (worn)
Magical Staves
 m - a staff of earth
Jewellery
 e - the ring "Paru" (left hand) {rPois rF+++ rC- Will++ Dex+3}
   (You found it on level 10 of the Dungeon)

   [ring of poison resistance]

   Dex+3:     It affects your dexterity (+3).
   rF+++:     It renders you almost immune to fire.
   rC-:       It makes you vulnerable to cold.
   rPois:     It protects you from poison Will++: It greatly increases your
   willpower.
 f - the ring "Ifiplou" {Wiz rPois rN+++ Will- Dex+3}
   (You found it on level 10 of the Dungeon)

   [ring of wizardry]

   Wiz:       It improves your spell success rate.
   Dex+3:     It affects your dexterity (+3).
   rPois:     It protects you from poison rN+++: It renders you almost immune to
   negative energy.
   Will-:     It decreases your willpower.
 q - the ring of Erphao {EV+5 Int+2}
   (You took it off a skeletal warrior on level 10 of the Dungeon)

   [ring of evasion]

   EV+5:      It affects your evasion (+5).
   Int+2:     It affects your intelligence (+2).
 u - a ring of see invisible
 C - a ring of ice
 F - a +6 ring of dexterity
 L - a ring of willpower (right hand)
 P - the amulet "Huataec" {Acrobat rElec Str+2}
   (You found it on level 10 of the Dungeon)

   [amulet of the acrobat]

   Acrobat:   It increases your evasion while moving and waiting.
   Str+2:     It affects your strength (+2).
   rElec:     It insulates you from electricity.
 S - an amulet of regeneration (around neck)
Talismans
 B - a flux talisman
Wands
 o - a wand of flame (20)
 A - a wand of acid (13)
 D - a wand of charming (5)
 G - a wand of polymorph (17)
 J - a wand of iceblast (24)
Scrolls
 g - 3 scrolls of poison
 k - a scroll of immolation
 n - a scroll of noise
 t - a scroll of amnesia
 H - 3 scrolls of teleportation
 O - 2 scrolls of fear
 Z - 3 scrolls of enchant weapon
Potions
 h - a potion of ambrosia {unknown}
 j - 3 potions of brilliance
 l - a potion of attraction
 r - 2 potions of enlightenment {unknown}
 s - 9 potions of curing
 w - 5 potions of resistance
 K - 5 potions of might
 M - 3 potions of magic
 N - 3 potions of mutation
 Q - a potion of lignification
 T - a potion of heal wounds
 Y - 2 potions of berserk rage


   Skills:
 + Level 8.9 Fighting
 - Level 5.0 Long Blades
 * Level 7.3 Polearms
 + Level 8.3 Dodging
 + Level 8.9 Stealth
 + Level 8.3 Spellcasting
 + Level 9.7 Summonings
 - Level 5.0 Translocations
 - Level 5.0 Fire Magic
 + Level 6.3 Air Magic
 + Level 11.4 Invocations


You had 14 spell levels left.
You knew the following spells:

 Your Spells              Type           Power      Damage    Failure   Level
b - Call Imp              Summ           100%       N/A       1%          2
c - Call Canine Familiar  Summ           70%        N/A       1%          3
d - Summon Blazeheart Go  Fire/Summ      60%        N/A       1%          4
e - Summon Lightning Spi  Summ/Air       63%        N/A       1%          4
B - Blink                 Tloc           98%        N/A       1%          2

Your spell library contained the following spells:

 Spells                   Type           Power      Damage    Failure   Level
 Apportation              Tloc           98%        N/A       1%          1
 Summon Small Mammal      Summ           100%       N/A       1%          1
 Lesser Beckoning         Tloc           98%        N/A       1%          2
 Mercury Vapours          Alch/Air       72%        N/A       1%          2
 Momentum Strike          Conj/Tloc      64%        3d9       1%          2
 Volatile Blastmotes      Fire/Tloc      98%        2d18      1%          3
 Freeze                   Ice            56%        1d7       3%          1
 Magic Dart               Conj           56%        1d5       3%          1
 Necrotise                Necr           56%        1d6       3%          1
 Sting                    Conj/Alch      56%        1d6       3%          1
 Searing Ray              Conj           28%        2d5       5%          2
 Frozen Ramparts          Ice            28%        1d5       11%         3
 Hailstorm                Conj/Ice       14%        3d6       11%         3
 Iskenderun's Mystic Bla  Conj/Tloc      32%        2d8       13%         4
 Fulminant Prism          Conj/Alch      7%         3d7       36%         4
 Olgreb's Toxic Radiance  Alch           14%        N/A       36%         4


Dungeon Overview and Level Annotations

Branches:
Dungeon (12/15)            Temple (0/1) D:7            Lair (5/5) D:9
 Shoals (0/4) Lair:2        Snake (0/4) Lair:3        Slime (0/5) Lair:4
    Orc (0/2) D:11

Altars:
Ashenzari
Cheibriados
Nemelex Xobeh
Qazlal
Ru
Uskayaw
Wu Jian
Xom
Yredelemnul
Jiyva

Annotations:
D:10 3 runed translucent doors, zenocrate's ghost, journeyman KoDe


Innate Abilities, Weirdness & Mutations

You have very sharp fingernails.
You are partially covered in molten scales. (AC +2)
A powerful demonic guardian rushes to your aid.
Your demonic aura often causes spilled blood to erupt in flames.


Message History

You hear a bellow!
Casting: Summon Blazeheart Golem (mildly dangerous; 1% risk of failure)
Confirm with . or Enter, or press ? or * to list all spells.
An electric hum fills the air.
The wolf bites you!
The wyvern bites your lightning spire but does no damage.
The wolf completely misses you.
The wyvern completely misses your lightning spire.
The wolf bites you.
A death yak comes into view.
The wyvern bites your lightning spire but does no damage.
Your lightning spire shoots out a bolt of lightning at the wyvern!
The bolt of electricity hits the wyvern!
The wolf bites you but does no damage. The cane toad completely misses you.
The wyvern bites your lightning spire! The wolf completely misses you.
The cane toad barely misses you. The wyvern bites your lightning spire!
The wolf misses you. The cane toad stings you!
* * * LOW HITPOINT WARNING * * *
The wyvern bites your lightning spire but does no damage.
The yak gores your lightning spire but does no damage.
The wolf completely misses you.
Your lightning spire is engulfed in blazing flames.
Your lightning spire shoots out a bolt of lightning at the yak!
The bolt of electricity hits the yak!
The bolt of electricity hits the death yak!!
You closely miss the wolf. The wolf completely misses you.
The wyvern bites your lightning spire but does no damage.
The cane toad stings you.
* * * LOW HITPOINT WARNING * * *
The yak gores your lightning spire but does no damage.
Your lightning spire is engulfed in blazing flames.
Your lightning spire shoots out a bolt of lightning at the wyvern!
The bolt of electricity hits the wyvern!
You fade into invisibility!
The wolf bites you!
* * * LOW HITPOINT WARNING * * *
A demonic guardian appears!
The wyvern bites your lightning spire! The cane toad stings you!!
You die...
Cheibriados appreciates the motionlessness of death.

.........÷..........#
.........÷..........##
.<.......÷...........#
.÷..###..............#
....# #..###....##...#
....# #....#.†.##.####
....###...#..†...#
.........#...†2°h####
.............YYI@...##
.....††.......k.F....#
.##P..............#..#
####....P..#.....##..#
.##........#....## .#
.#......†.##....# .#
######.....##.?..# #
##....P#†.^.#
#....##...#..


You could see a death yak (unable to see you, ally target), a yak (unable to see
you), a cane toad (unable to see you), a wyvern (unable to see you, ally
target), a wolf, a friendly cacodemon (summoned) and a friendly lightning spire
(summoned).

Vanquished Creatures
  The ghost of ojifijod the Severer, a journeyman CoBe of Trog (Lair:2)
  A hydra (Lair:3)
  A two-headed ogre (D:9)
  An ogre mage (D:10)
  A catoblepas (Lair:1)
  A boulder beetle (D:10)
  6 death yaks (Lair:4)
  2 skysharks
  An oklob plant (Lair:5)
  5 cyclopes
  4 manticores
  3 black mambas
  3 merfolk sirens (Lair:2)
  2 gargoyles
  9 cane toads
  4 komodo dragons
  A freezing wraith (D:10)
  4 trolls
  6 polar bears
  2 hornets
  19 blink frogs
  2 dream sheep
  A slime creature (D:6)
  12 wyverns
  A shadow (D:12)
  2 wraiths
  34 yaks
  3 basilisks
  A steam dragon (Lair:2)
  3 vampire mosquitoes (D:9)
  2 acid dragons
  Edmund (D:5)
  16 water moccasins
  4 orc warriors
  A hornet zombie (D:7)
  3 ogres
  2 centaurs
  17 wolves
  A phantom (D:6)
  4 bullfrogs
  A scorpion (Lair:1)
  A gnoll sergeant (D:11)
  2 wights (D:6)
  6 killer bees
  A howler monkey (D:9)
  3 electric eels
  A bombardier beetle (D:5)
  2 bullfrog zombies (D:7)
  3 jellies
  An orc priest (D:11)
  3 hounds (D:9)
  A sleepcap (D:6)
  7 orc wizards
  4 gnolls
  4 adders
  A white imp (D:7)
  A dart slug (D:4)
  21 orcs
  6 endoplasms
  A giant cockroach (D:2)
  4 goblins
  8 hobgoblins
  A jackal (D:1)
  A quokka (D:3)
  4 ball pythons
  4 bats
  A frilled lizard (D:2)
  3 kobolds
  4 rats
  A butterfly (D:5)
288 creatures vanquished.

Vanquished Creatures (collateral kills)
  Nessos (D:12)
  2 hydras
  A two-headed ogre (D:10)
  A skeletal warrior (D:10)
  A cyclops (D:11)
  2 black mambas (Lair:5)
  4 cane toads
  Maggie (D:9)
  A freezing wraith (D:12)
  A komodo dragon (Lair:1)
  A polar bear (Lair:5)
  2 trolls
  2 hornets (Lair:5)
  6 blink frogs
  5 dream sheep (Lair:5)
  A centaur simulacrum (D:10)
  A shadow (D:12)
  6 wyverns
  A wraith (D:8)
  3 yaks
  4 nagas (Lair:3)
  4 water moccasins
  3 acid dragons
  2 orc warriors
  A black bear (D:5)
  An ogre (D:11)
  2 sky beasts
  4 wolves
  2 centaurs
  A phantom (D:4)
  A kobold brigand (D:10)
  4 bullfrogs
  2 wyvern zombies (D:7)
  A scorpion (D:6)
  10 wights
  2 howler monkeys
  6 killer bees
  2 bombardier beetles
  3 orc priests
  5 jellies
  A gnoll bouda (D:4)
  5 hounds
  Ijyb (D:4)
  A sleepcap (D:6)
  7 orc wizards
  2 killer bee zombies (D:7)
  18 gnolls
  5 adders
  2 shadow imps
  An ufetubus (D:6)
  2 ribbon worms
  2 dart slugs (D:4)
  33 orcs
  A ball python (D:2)
  16 endoplasms
  4 giant cockroaches
  4 goblins
  7 hobgoblins
  5 jackals
  5 quokkas
  3 bats
  4 kobolds
  3 rats
  A butterfly (D:5)
236 creatures vanquished.

Vanquished Creatures (others)
  A freezing wraith (D:10)
  43 blazeheart cores
44 creatures vanquished.

Grand Total: 568 creatures vanquished

Notes
Turn   | Place    | Note
-------+----------+-------------------------------------------
     0 | D:1      | croobank the Demonspawn Summoner began the quest for the
                  | Orb.
     0 | D:1      | Reached XP level 1. HP: 13/13 MP: 3/3
    23 | D:1      | Found a faded altar of an unknown god.
    31 | D:1      | Prayed at the altar of an unknown god.
    31 | D:1      | Became a worshipper of Cheibriados the Contemplative
    31 | D:1      | Reached * piety under Cheibriados
   112 | D:1      | Gained mutation: A weak demonic guardian rushes to your
                  | aid. [demonic ancestry]
   112 | D:1      | Reached XP level 2. HP: 17/20 MP: 1/5
   135 | D:1      | Learned a level 2 spell: Call Imp
   489 | D:1      | Reached XP level 3. HP: 25/25 MP: 1/6
   534 | D:1      | Learned a level 3 spell: Call Canine Familiar
   552 | D:1      | Reached ** piety under Cheibriados
   626 | D:1      | Reached skill level 1 in Fighting
  1026 | D:2      | Gained mutation: A demonic guardian rushes to your aid.
                  | [demonic ancestry]
  1026 | D:2      | Reached XP level 4. HP: 23/32 MP: 7/7
  1178 | D:2      | Reached *** piety under Cheibriados
  1560 | D:3      | Gained mutation: You have sharp fingernails. [demonic
                  | ancestry]
  1560 | D:3      | Reached XP level 5. HP: 38/38 MP: 9/9
  2007 | D:3      | Reached **** piety under Cheibriados
  2399 | D:3      | Learned a level 2 spell: Blink
  2497 | D:4      | Reached skill level 1 in Invocations
  2574 | D:4      | Noticed Ijyb
  2605 | D:4      | Killed Ijyb
  2606 | D:4      | Gained mutation: A powerful demonic guardian rushes to your
                  | aid. [demonic ancestry]
  2606 | D:4      | Reached XP level 6. HP: 44/44 MP: 2/10
  2874 | D:4      | Reached skill level 2 in Invocations
  3012 | D:4      | Reached skill level 1 in Long Blades
  3142 | D:4      | Reached skill level 3 in Invocations
  3142 | D:4      | Reached XP level 7. HP: 51/51 MP: 5/12
  3657 | D:5      | Entered Level 5 of the Dungeon
  3675 | D:5      | Reached skill level 5 in Summonings
  3682 | D:5      | Reached skill level 4 in Invocations
  3876 | D:5      | Reached ***** piety under Cheibriados
  3880 | D:5      | Noticed Edmund
  3881 | D:5      | Reached XP level 8. HP: 35/58 MP: 6/13
  3930 | D:4      | Learned a level 4 spell: Summon Blazeheart Golem
  3990 | D:5      | Killed Edmund
  3991 | D:5      | Reached skill level 5 in Invocations
  4203 | D:5      | Reached skill level 1 in Fire Magic
  4291 | D:5      | Found a stormy altar of Qazlal.
  4316 | D:5      | Found a shimmering altar of Xom.
  4415 | D:5      | Found a basalt altar of Yredelemnul.
  5010 | D:6      | Found an ornate altar of the Wu Jian Council.
  5161 | D:6      | Gained mutation: Your demonic aura sometimes causes spilled
                  | blood to erupt in flames. [demonic ancestry]
  5161 | D:6      | Reached XP level 9. HP: 65/65 MP: 15/15
  5325 | D:6      | Learned a level 4 spell: Summon Lightning Spire
  5350 | D:6      | Reached skill level 6 in Invocations
  5427 | D:6      | Found a broken altar of Ashenzari.
  5989 | D:7      | Reached ****** piety under Cheibriados
  5997 | D:7      | Reached skill level 5 in Stealth
  6032 | D:7      | Found a staircase to the Ecumenical Temple.
  6066 | D:7      | Reached skill level 5 in Spellcasting
  6345 | D:7      | Reached skill level 5 in Fighting
  6506 | D:7      | Found the +8 trident of the Octopus King {venom, rElec
                  | rPois}
  6693 | D:7      | Reached skill level 5 in Dodging
  6887 | D:8      | Gained mutation: You have very sharp fingernails. [demonic
                  | ancestry]
  6887 | D:8      | Reached XP level 10. HP: 65/74 MP: 17/17
  7267 | D:8      | Found a sacrificial altar of Ru.
  7270 | D:8      | Found a hide-covered altar of Uskayaw.
  7418 | D:8      | Reached skill level 7 in Invocations
  7445 | D:8      | Reached skill level 1 in Translocations
  7482 | D:8      | Found a sparkling altar of Nemelex Xobeh.
  7624 | D:8      | Reached skill level 1 in Air Magic
  7769 | D:9      | Noticed a two-headed ogre
  8169 | D:9      | Killed a two-headed ogre
  8170 | D:9      | Reached skill level 5 in Fire Magic
  8437 | D:9      | Noticed Maggie
  8448 | D:9      | Killed Maggie
  8623 | D:9      | Found a staircase to the Lair.
  8641 | D:9      | Gained mutation: You are partially covered in molten
                  | scales. (AC +2) [demonic ancestry]
  8641 | D:9      | Reached XP level 11. HP: 76/81 MP: 10/19
  8813 | D:10     | Entered Level 10 of the Dungeon
  8875 | D:10     | Reached skill level 5 in Long Blades
  8943 | D:10     | Found a runed translucent gate.
  8943 | D:10     | Found a runed translucent gate.
  8946 | D:10     | Found a runed translucent gate.
  8947 | D:10     | Noticed an 11-headed hydra
  8948 | D:10     | Noticed zenocrate's ghost (journeyman KoDe)
  8948 | D:10     | Noticed a nine-headed hydra
  9116 | D:10     | Noticed a two-headed ogre
  9117 | D:10     | Noticed a boulder beetle
  9131 | D:10     | Killed a boulder beetle
  9132 | D:10     | Reached skill level 8 in Invocations
  9134 | D:10     | Killed a two-headed ogre
  9213 | D:10     | Noticed an ogre mage
  9217 | D:10     | Killed an ogre mage
  9224 | D:10     | Identified the ring of Erphao {EV+5 Int+2}
  9224 | D:10     | Noticed a skeletal warrior
  9236 | D:10     | Killed a skeletal warrior
  9446 | D:10     | Identified the ring "Ifiplou" {Wiz rPois rN+++ Will- Dex+3}
  9454 | D:10     | Identified the amulet "Huataec" {Acrobat rElec Str+2}
  9459 | D:10     | Identified the ring "Paru" {rPois rF+++ rC- Will++ Dex+3}
 10095 | D:11     | Reached skill level 1 in Polearms
 10124 | D:11     | Found a staircase to the Orcish Mines.
 10383 | D:11     | Reached skill level 9 in Invocations
 10383 | D:11     | Gained mutation: Your demonic aura often causes spilled
                  | blood to erupt in flames. [demonic ancestry]
 10383 | D:11     | Reached XP level 12. HP: 89/89 MP: 21/21
 11397 | D:12     | Noticed Nessos
 11412 | D:12     | Killed Nessos
 12098 | Lair:1   | Entered Level 1 of the Lair of Beasts
 12190 | Lair:1   | Noticed a catoblepas
 12262 | Lair:1   | Killed a catoblepas
 13108 | Lair:2   | Reached skill level 10 in Invocations
 13113 | Lair:2   | Identified the +6 whip of Muowkiat {drain, rF+}
 13184 | Lair:2   | Reached XP level 13. HP: 90/97 MP: 23/23
 13212 | Lair:2   | Reached skill level 5 in Air Magic
 13260 | Lair:2   | Reached skill level 5 in Translocations
 13433 | Lair:2   | Found a staircase to the Shoals.
 13635 | Lair:2   | Found a runed translucent gate.
 13637 | Lair:2   | Found a runed translucent gate.
 13637 | Lair:2   | Noticed ojifijod's ghost (journeyman CoBe)
 13638 | Lair:2   | Found a runed translucent gate.
 13653 | Lair:2   | Killed ojifijod's ghost
 13654 | Lair:2   | Reached skill level 5 in Polearms
 13967 | Lair:3   | Found a staircase to the Snake Pit.
 15343 | Lair:4   | Found a viscous altar of Jiyva.
 15343 | Lair:4   | Found a staircase to the Slime Pits.
 15352 | Lair:4   | Identified the +1 ring mail of Liefuttu {^Contam rPois rC++
                  | SInv}
 15637 | Lair:5   | Entered Level 5 of the Lair of Beasts
 15824 | Lair:4   | Reached skill level 11 in Invocations
 15841 | Lair:4   | Reached XP level 14. HP: 68/106 MP: 22/26
 16609 | Lair:5   | Slain by a cane toad

Illustrated notes

Levels and vault maps discovered:
D:1:      saegor_arrival_simple_b, layout_loops_ring, basic_ecumenical_altar,
          minmay_nonomino_d4
D:2:      layout_rooms, guppyfry_early_orc_mine
D:3:      layout_rooms, minmay_pentangle
D:4:      layout_basic, uniq_ijyb
D:5:      layout_rooms, xom_butterflies, lemuel_round_altar,
          lemuel_crystal_altar, dk_vineyard_2, uniq_edmund
D:6:      lemuel_slime, layout_loops_ring, mainiacjoe_overflow_boulevard,
          mainiacjoe_overflow_brackets, billiards_dpeg
D:7:      layout_cave_pools, tso_metal_star,
          minmay_temple_entry_statues_pillars, serial_undead, serial_undead_f,
          serial_undead_d, serial_undead_f, serial_undead_f,
          grunt_decor_resistance
D:8:      layout_basic, nemelex_altar_shiori, jmf_multi_god_temple
D:9:      layout_roguey, erik_lair_island, uniq_maggie
D:10:     minmay_the_grid_triangle_9x9_rhombus_thin_mashed
          [minmay_the_grid_triangle_9x9_longest,
          minmay_the_grid_triangle_9x9_prize_special,
          minmay_the_grid_triangle_9x9_alien,
          minmay_the_grid_triangle_9x9_corrupted_corridor], layout_loops_ring,
          gammafunk_ghost_hydra_chop
D:11:     layout_loops_ring, erik_orc_3, gauntlet_entry_generic
D:12:     layout_long_grid, uniq_nessos
Lair:1:   layout_loops_ring, grunt_megastairs_4
Lair:2:   layout_roguey, elwin_shoals_entry_rooms, ebering_ghost_rock_garden
Lair:3:   layout_cellular_growth, minmay_snake_entry_guardpost_small
Lair:4:   layout_concentric_octagons, slime_entry_1
Lair:5:   guppyfry_lair_end_dragon, layout_small_grid,
          hangedman_lair_tendril_chambers, serial_bayou_ford_a

Skill      XL: |  1  2  3  4  5  6  7  8  9 10 11 12 13 14 |
---------------+-------------------------------------------+-----
Dodging        | 2 3 4 5 6 7 8 |  8.3
Stealth        | 2 3 4 5 6 7 8 |  8.9
Fighting       | 1 2 3 4 5 6 7 8 |  8.9
Spellcasting   | 3 4 5 6 7 8 |  8.3
Invocations    | 1 3 4 5 6 7 9 10 11 | 11.4
Long Blades    | 1 2 3 4 5 |  5.0
Summonings     | 5 6 7 8 9 |  9.7
Fire Magic     | 2 4 5 |  5.0
Translocations | 2 3 4 5 |  5.0
Air Magic      | 2 3 4 6 |  6.3
Polearms       | 1 4 6 7 |  7.3

Action                     |  1- 3 |  4- 6 |  7- 9 | 10-12 | 13-15 || total
---------------------------+-------+-------+-------+-------+-------++-------
  Melee: Dagger            |    20 |       |     1 |    32 |       ||    53
         Whip              |    34 |    38 |    43 |    37 |    40 ||   192
         Long sword        |       |       |    23 |    56 |   147 ||   226
         Trident           |       |       |       |   153 |    33 ||   186
   Fire: Sling             |       |       |    51 |       |       ||    51
   Cast: Summon Small Mamm |    13 |    40 |    33 |    13 |       ||    99
         Call Imp          |     5 |    21 |    21 |     9 |     7 ||    63
         Call Canine Famil |     1 |    11 |    18 |    12 |     8 ||    50
         Summon Blazeheart |       |       |    11 |    38 |    17 ||    66
         Summon Lightning  |       |       |     1 |    12 |    26 ||    39
  Evoke: Wand              |       |       |     2 |     1 |     2 ||     5
    Use: Potion            |     1 |     2 |       |     1 |     2 ||     6
         Scroll            |     1 |       |    11 |    11 |     5 ||    28
   Stab: Sleeping          |     6 |     3 |     2 |     7 |     6 ||    24
         Distracted        |       |     1 |     2 |     6 |     6 ||    15
 Armour: Robe              |    37 |    31 |    78 |     8 |       ||   154
         Acid dragon scale |       |       |       |   195 |   264 ||   459
         Troll leather arm |       |       |       |     1 |       ||     1
  Dodge: Dodged            |    50 |    44 |   170 |   431 |   472 ||  1167

Table legend: (Time is in decaauts)
 A = Elapsed time spent in this place.
 B = Non-inter-level travel time spent in this place.
 C = Inter-level travel time spent in this place.
 D = Time resting spent in this place.
 E = Time spent auto-exploring this place.
 F = Levels seen in this place.
 G = Mean time per level.
                   A        B        C        D        E       F      G
               +--------+--------+--------+--------+--------+-----+--------+
         Total |  25877 |  24632 |   1245 |   2056 |  17136 |  17 | 1522.2 |
       Dungeon |  18637 |  17618 |   1019 |   1367 |  12228 |  12 | 1553.1 |
          Lair |   7240 |   7015 |    225 |    689 |   4908 |   5 | 1448.0 |
               +--------+--------+--------+--------+--------+-----+--------+

Top non-repeatable levels by time:
     D:4: 2177 daAuts
     D:6: 2105 daAuts
    D:10: 1918 daAuts
    D:12: 1875 daAuts
  Lair:3: 1862 daAuts
    D:11: 1836 daAuts
  Lair:4: 1767 daAuts
     D:8: 1711 daAuts
  Lair:2: 1537 daAuts
     D:9: 1466 daAuts
     D:7: 1428 daAuts
  Lair:1: 1414 daAuts
     D:3: 1385 daAuts
     D:1: 1207 daAuts
     D:5: 862 daAuts
